 Dungeon Crawl Stone Soup version 0.27.1-33-g824d729ab1 (webtiles) character file.

Game seed: 12274316635270922556

39 barney the Changer (level 3, 0/28 HPs)
             Began as a Draconian Transmuter on Dec 19, 2021.
             Slain by a worm (8 damage)
             ... on level 2 of the Dungeon.
             The game lasted 00:01:50 (1441 turns).

barney the Changer (Draconian Transmuter)           Turns: 1441, Time: 00:01:50

Health: 0/28       AC:  5    Str: 12    XL:     3   Next: 28%
Magic:  5/6        EV: 12    Int: 14    God:
Gold:   100        SH:  0    Dex: 11    Spells: 1/6 levels left

rFire    . . .     SeeInvis .   d - +0 dagger
rCold    . . .     Faith    .   (no shield)
rNeg     . . .     Spirit   .   (armour unavailable)
rPois    .         Reflect  .   (helmet currently unavailable)
rElec    .         Harm     .   (no cloak)
rCorr    .         Rampage  .   (no gloves)
Will     .....                  (boots currently unavailable)
Stlth    +.........             (no amulet)
HPRegen  0.09/turn              (no ring)
MPRegen  0.10/turn              (no ring)

@: appendages
A: horns 2, talons 2, AC +5, unfitting armour, cold-blooded
a: End Transformation


You were on level 2 of the Dungeon.
You had temporarily grown beastly horns and talons.
You visited 1 branch of the dungeon, and saw 2 of its levels.

You collected 100 gold pieces.

Inventory:

Hand Weapons
 d - a +0 dagger (weapon)
Potions
 a - a potion of resistance {unknown}
 c - a potion of haste {unknown}
 e - a potion of mutation {unknown}


   Skills:
 - Level 1.1 Fighting
 - Level 1.7 Dodging
 - Level 3.0 Unarmed Combat
 - Level 2.0 Spellcasting
 * Level 3.8 Transmutations


You had one spell level left.
You knew the following spells:

 Your Spells              Type           Power      Damage    Failure   Level
a - Beastly Appendage     Tmut           24%        N/A       4%          1
b - Magic Dart            Conj           4%         1d3       24%         1
c - Spider Form           Tmut/Pois      3%         N/A       32%         3

Your spell library contained the following spells:

 Spells                   Type           Power      Damage    Failure   Level
 Wereblood                Tmut           12%        N/A       8%          2
 Call Imp                 Summ           1%         N/A       34%         2
 Mephitic Cloud           Conj/Pois/Air  1%         N/A       56%         3
 Ice Form                 Ice/Tmut       6%         N/A       73%         4


Dungeon Overview and Level Annotations

Branches:
Dungeon (2/15)

Altars:

Shops:
D:2 !

Annotations:
D:2 1 runed translucent door, Crazy Yiuf


Innate Abilities, Weirdness & Mutations

You have temporarily grown beastly horns and talons.
Your plain brown scales are hard. (AC +5)
You cannot fit into any form of body armour.
You are cold-blooded and may be slowed by cold attacks.


Message History

The ball python barely misses you. The ball python completely misses you.
The endoplasm freezes you.
You are frozen.
The ball python closely misses you. The ball python completely misses you.
The worm closely misses you. The endoplasm freezes you.
You are frozen.
The ball python completely misses you. The ball python grabs you.
The ball python constricts you. The worm barely misses you.
You escape the ball python's grasp.
The endoplasm hits you but does no damage.
Casting: Beastly Appendage (safe; 4% risk of failure)
Confirm with . or Enter, or press ? or * to list all spells.
You extend your transformation's duration.
You feel yourself speed up. The endoplasm closely misses you.
The endoplasm freezes you.
You are frozen.
You feel yourself slow down.
Unknown command.
You hit the endoplasm.
You claw the endoplasm, but do no damage.
You headbutt the endoplasm.
You kill the endoplasm!
The ball python barely misses you. The ball python grabs you.
The ball python constricts you.
You hit the ball python. You claw the ball python.
You kill the ball python!
You feel yourself speed up.
You barely miss the worm.
The worm is moderately wounded.
The worm bites you.
You hit the worm.
The worm is heavily wounded.
The worm bites you.
* * * LOW HITPOINT WARNING * * *
You barely miss the worm. You claw the worm.
The worm is severely wounded.
You hit the worm but do no damage.
The worm is severely wounded.
The worm bites you!
You die...

... #..## #..#### .. ..[.
#...... S. #..# #.#....
#. #.. #...### #. #.# # #
###..#.. #.####.##.##.#
#...†#.# #.............
#.#..... #..###.###.#.
#.#....#.# #..# #.w@..#
#.#....#.# #..#########.#
#.#..∩...# #..#.........#
#.#....†.#
#.......########.#.####.#
###.#.##.# #.........#
#...#.##.# #..#.......
#.###.##.# #..........
#.# #.##.# #..#.......
##.###.##.# ##.#.######


You could see a worm.

Vanquished Creatures
  2 adders (D:2)
  A dart slug (D:2)
  3 endoplasms
  A goblin (D:1)
  2 hobgoblins
  3 jackals (D:1)
  A quokka (D:2)
  3 ball pythons
  2 frilled lizards (D:1)
  2 rats (D:2)
20 creatures vanquished.

Notes
Turn   | Place    | Note
-------+----------+-------------------------------------------
     0 | D:1      | barney the Draconian Transmuter began the quest for the
                  | Orb.
     0 | D:1      | Reached XP level 1. HP: 16/16 MP: 3/3
   182 | D:1      | Reached XP level 2. HP: 15/23 MP: 3/5
  1095 | D:2      | Reached XP level 3. HP: 28/28 MP: 4/6
  1224 | D:2      | Learned a level 1 spell: Magic Dart
  1228 | D:2      | Learned a level 3 spell: Spider Form
  1231 | D:2      | Found Qicove's Distillery.
  1399 | D:2      | Found a runed translucent door.
  1400 | D:2      | Noticed Crazy Yiuf
  1441 | D:2      | Slain by a worm

Illustrated notes

Levels and vault maps discovered:
D:1:      wander_arrival_peaceful_grave, layout_basic, serial_glass,
          glass_columns_b, glass_columns_b
D:2:      layout_basic, serial_shops, shop_coins, grunt_ministairs_5,
          uniq_crazy_yiuf_cottage

Skill      XL: |  1  2 |
---------------+-------+-----
Transmutations | 3 |  3.8
Fighting       | |  1.1
Dodging        | |  1.7
Unarmed Combat | |  3.0
Spellcasting   | |  2.0

Action                   || total
-------------------------++-------
Melee: Unarmed           ||    28
       Headbutt          ||    10
       Kick              ||    12
       Dagger            ||    57
       Tailslap          ||     3
       Punch             ||     1
 Cast: Beastly Appendage ||    15
       Magic Dart        ||     1
  Use: Scroll            ||     1
Armor: Skin              ||    21
Dodge: Dodged            ||    74
